[Event "*** Titled Tuesday Blitz"]
[Site "Chess.com"]
[Date "2020.11.24"]
[Round "8"]
[White "Artyom_ChessMate"]
[Black "NikolaGry"]
[Result "1/2-1/2"]
[WhiteElo "2515"]
[BlackElo "2715"]
[TimeControl "180+1"]
[EndTime "11:46:36 PST"]
[Termination "Game drawn by repetition"]

1. e4 d6 2. d4 Nf6 3. Nc3 g6 4. f4 Bg7 5. Nf3 c5 6. Bb5+ Bd7 7. e5 Ng4 8. e6 Bxb5 9. exf7+ Kd7 10. Nxb5 Qa5+ 11.
Nc3 cxd4 12. Nxd4 Bxd4 13. Qxd4 Nc6 14. Qc4 Qb4 15. Qe2 Nf6 16. Bd2 Rhf8 17. O-O Qc5+ 18.
Be3 Qh5 19. Qxh5 Nxh5 20. g3 Rxf7 21. Rad1 Nf6 22. Kg2 Rc8 23. a3 b6 24. Rfe1 Na5 25.
Bc1 Nc4 26. Rd3 a6 27. b3 Na5 28. Bb2 b5 29. Re2 h5 30. Nd1 h4 31. Ne3 hxg3 32. hxg3 Nc6 33. Bxf6 exf6 34. Nd5 Rb8 35. Red2 f5 36.
Re3 Ne7 37. Red3 Nxd5 38. Rxd5 Rb6 39. c4 bxc4 40. bxc4 Kc7 41. c5 dxc5 42. Rxc5+ Rc6 43. Ra5 Rd7 44. Rb2 Rd3 45. Kh2 Rcc3 46. Rxa6 Rxg3 47.
Rc2 Rh3+ 48. Kg2 Rg3+ 49. Kh2 Rh3+ 50. Kg2 Rg3+ 51. Kh2 1/2-1/2

[Event "*** Titled Tuesday Blitz"]
[Site "Chess.com"]
[Date "2020.11.24"]
[Round "8"]
[White "Chernov_Mikhail"]
[Black "Harry_Rakkel"]
[Result "0-1"]
[WhiteElo "2330"]
[BlackElo "2484"]
[TimeControl "180+1"]
[EndTime "11:46:36 PST"]
[Termination "Harry_Rakkel won on time"]

1. e4 c5 2. Nf3 d6 3. d4 cxd4 4. Nxd4 Nf6 5. Nc3 a6 6. Bc4 e6 7. Bb3 b5 8. Bg5 Be7 9. Qf3 Qc7 10. e5 Bb7 11. exd6 Bxd6 12. Qe3 O-O 13. O-O-O Ng4 14. Qd2 Bc5 15. Nxe6 fxe6 16. Bxe6+ Kh8 17. Bxg4 Nc6 18. Ne4 Ne5 19. Nxc5 Nxg4 20. Ne6 Qc4 21. Nxf8 Qxa2 22. Qd3 Rxf8 23. Qa3 Qf7 24. Qxf8+ Qxf8 25. Rd8 Qxd8 26. Bxd8 Bxg2 27. Re1 h5 28. Re6 Nxh2 29. Rxa6 Nf3 30.
Rb6 Kh7 31. Rxb5 Kh6 32. Ra5 h4 33. b4 g5 34. Kb2 h3 35. Bc7 h2 36. Bxh2 Nxh2 37.
b5 Ng4 38. b6 Nxf2 39. Ra7 g4 40. b7 Bxb7 41. Rxb7 g3 42. Rb3 Nh1 43. Ra3 Kg5 44. c4 g2 45. Ra1 Kf4 46. Kc3 Ng3 47. Kd4 Nf1 48. Kd5 g1=Q 49. Ra7 Qg5+ 0-1

[Event "*** Titled Tuesday Blitz"]
[Site "Chess.com"]
[Date "2020.11.24"]
[Round "8"]
[White "Fusikk"]
[Black "LamaChampetre"]
[Result "0-1"]
[WhiteElo "2471"]
[BlackElo "2226"]
[TimeControl "180+1"]
[EndTime "11:46:36 PST"]
[Termination "LamaChampetre won on time"]

1. c4 g6 2. d4 Nf6 3. Nc3 d5 4. Bf4 Bg7 5. e3 O-O 6. Rc1 c5 7. dxc5 Qa5 8. cxd5 Ne4 9. Qc2 Bf5 10. Bd3 Nxc3 11. bxc3 Bxd3 12. Qxd3 Qxc5 13. Ne2 Rd8 14. e4 Nc6 15. Qe3 Qxe3 16. Bxe3 Ne5 17. O-O Nc4 18.
Bd4 Bh6 19. Rb1 Nd2 20. Rxb7 Nxf1 21. Kxf1 Bf8 22. Rxa7 Rxa7 23. Bxa7 Ra8 24. Bd4 Rxa2 25. g3 e6 26. c4 Rc2 27. Bc3 Bc5 28.
e5 Kf8 29. d6 Ke8 30. Be1 Rxc4 31. Nc3 Bb4 32. Ne2 Bxe1 33. Kxe1 Kd7 34. f4 f6 35. Kd2 fxe5 36. Kd3 Rc5 37. fxe5 Rxe5 38. Nd4 Rd5 39. Ke4 Rxd6 40. Nf3 Ke7 41. Ng5 h6 42.
Nf3 g5 43. Ke5 Rd5+ 44. Ke4 Rf5 45. Nd4 Rd5 46. h3 Rxd4+ 47. Kxd4 Kd6 48. Ke4 e5 0-1

[Event "*** Titled Tuesday Blitz"]
[Site "Chess.com"]
[Date "2020.11.24"]
[Round "8"]
[White "Sergienko_Sergey"]
[Black "Taktikmonster"]
[Result "1-0"]
[WhiteElo "2339"]
[BlackElo "2159"]
[TimeControl "180+1"]
[EndTime "11:46:37 PST"]
[Termination "Sergienko_Sergey won by checkmate"]

1. e4 c5 2. Nf3 d6 3. d4 cxd4 4. Nxd4 Nf6 5. Nc3 Nc6 6. Bg5 e6 7. Qd2 a6 8. O-O-O Bd7 9. f3 Nxd4 10. Qxd4 h6 11. Be3 Bc6 12. Kb1 d5 13. e5 Nd7 14.
f4 Qc7 15. Qd2 Be7 16. Ne2 O-O 17. Nd4 Nc5 18. Bd3 f6 19. exf6 Bxf6 20. Bg6 e5 21. Nxc6 Qxc6 22. fxe5 Bg5 23. Bxg5 hxg5 24. Qxd5+ Qxd5 25. Rxd5 Ne6 26. Rd6 Nf4 27. Be4 Rae8 28. Bxb7 Rxe5 29.
Rhd1 a5 30. a3 Re2 31. g3 Nh3 32. Rd8 Rxd8 33. Rxd8+ Kf7 34. Ra8 Rxh2 35. Rxa5 Nf2 36. Rxg5 Kf6 37. Rc5 Rh3 38. Rc3 Kg5 39. a4 Ng4 40. a5 Ne5 41. a6 Nd7 42. a7 Nb6 43. a8=Q Nxa8 44. Bxa8 Kg4 45. Bf3+ Kxg3 46. Bc6+ Kh4 47.
Rxh3+ Kxh3 48. b4 g5 49. b5 g4 50. b6 g3 51. b7 Kh2 52. b8=Q Kg1 53. Qxg3+ Kf1 54.
Bb5# 1-0

[Event "*** Titled Tuesday Blitz"]
[Site "Chess.com"]
[Date "2020.11.24"]
[Round "8"]
[White "TC2304"]
[Black "skoularikii"]
[Result "0-1"]
[WhiteElo "2327"]
[BlackElo "2467"]
[TimeControl "180+1"]
[EndTime "11:46:38 PST"]
[Termination "skoularikii won on time"]

1. d4 d5 2. c4 c6 3. Nc3 Nf6 4.
e3 e6 5. Nf3 Be7 6. Bd3 O-O 7.
O-O dxc4 8. Bxc4 b5 9. Bd3 a6 10. Qe2 c5 11. dxc5 Bxc5 12. e4 Bb7 13. Bg5 h6 14. Bh4 Be7 15. Rfd1 Nh5 16. Bxb5 Qc7 17. Bxe7 Qxe7 18. Ba4 Nc6 19. Nd4 Nxd4 20. Rxd4 Qg5 21. Qd2 Nf4 22. g3 e5 23. Rd7 Rad8 24. Kh1 Qh5 25.
gxf4 Bc8 26. Rd1 Qf3+ 27. Kg1 Rxd7 28. Bxd7 Rd8 29. Qe3 Qxe3 30. fxe3 Rxd7 31. fxe5 Kf8 32. Kf2 Ke7 33. Rd4 Rb7 34. b3 Ke6 35. Rd5 Bd7 36. Na4 Bxa4 37. bxa4 Rb2+ 38. Kf3 Rxa2 39. Rd6+ Kxe5 40.
Rxa6 Rxh2 41. Ra7 Kf6 42. a5 Ra2 43. a6 h5 44. e5+ Kg6 45. Kf4 Ra4+ 46. e4 Ra5 47.
Ra8 Ra1 48. a7 Ra3 49. e6 fxe6 50. Ke5 Ra6 51. Kf4 Ra5 0-1

[Event "*** Titled Tuesday Blitz"]
[Site "Chess.com"]
[Date "2020.11.24"]
[Round "8"]
[White "SlavenPastar"]
[Black "Aygehovit1992"]
[Result "1-0"]
[WhiteElo "2511"]
[BlackElo "2635"]
[TimeControl "180+1"]
[EndTime "11:46:39 PST"]
[Termination "SlavenPastar won on time"]

1. d4 Nf6 2. Nf3 g6 3. c4 Bg7 4. Nc3 d5 5. e3 c6 6. Be2 O-O 7.
O-O Bg4 8. Ne5 Bxe2 9. Qxe2 Nbd7 10. cxd5 Nxe5 11. dxe5 Nxd5 12. Nxd5 Qxd5 13. f4 Rad8 14. b3 f6 15. Ba3 Qe6 16. exf6 Bxf6 17. Rad1 b5 18. Bc5 a5 19. Bb6 Rxd1 20. Rxd1 a4 21.
bxa4 bxa4 22. Bd4 Rd8 23. Kf2 Qd5 24. Rd2 Qe6 25. h3 Kf7 26. Bxf6 Rxd2 27. Qxd2 exf6 28. Qc2 a3 29. e4 Qd6 30. Ke3 Qb4 31. Kd3 Qb5+ 32.
Qc4+ Qxc4+ 33. Kxc4 Ke6 34. Kc5 g5 35. g3 h5 36. h4 gxh4 37. gxh4 Kd7 38. Kb4 Kd6 39.
Kxa3 Kc5 40. e5 Kd4 41. exf6 c5 42. f7 1-0

[Event "*** Titled Tuesday Blitz"]
[Site "Chess.com"]
[Date "2020.11.24"]
[Round "8"]
[White "monalize"]
[Black "Marty435"]
[Result "1/2-1/2"]
[WhiteElo "2358"]
[BlackElo "2515"]
[TimeControl "180+1"]
[EndTime "11:46:39 PST"]
[Termination "Game drawn by repetition"]

1. e4 c5 2. Nf3 d6 3. d4 cxd4 4.
Qxd4 Nc6 5. Qe3 Nf6 6. h3 g6 7. Be2 Bg7 8. O-O O-O 9. Rd1 Qb6 10.
Qxb6 axb6 11. Nc3 Be6 12. a3 Nd7 13. Nd5 Rfc8 14. c3 Bxd5 15. exd5 Na5 16. Rb1 Nb3 17. Be3 Ra5 18. Nd2 Nxd2 19. Rxd2 b5 20. Re1 Ne5 21. Rc2 Nc4 22. Bg5 Bf6 23. Bc1 Nb6 24. Bf3 h5 25. Be3 Nc4 26. Bc1 Kg7 27. g3 Ra7 28. Kf1 Ne5 29. Be2 Nc4 30. Bf3 Ra5 31.
Rd1 Kf8 32. Rcd2 Nxd2+ 33. Bxd2 Ra4 34. Be3 Ke8 35. Be2 Rac4 36. Bxc4 bxc4 37. Ke2 Kd7 38.
Kf3 b5 39. Ke4 Ra8 40. Bd4 Bxd4 41. Kxd4 e5+ 42. dxe6+ fxe6 43. h4 e5+ 44. Ke4 Ke6 45.
f4 exf4 46. gxf4 Rf8 47. Rd5 Rb8 48. Rg5 Kf6 49. Kd5 Rb6 50. Kd4 Rb8 51. Kd5 Rb6 52. Kd4 Rb8 53. Ke4 Rb7 54. Kd4 Rb8 1/2-1/2

[Event "*** Titled Tuesday Blitz"]
[Site "Chess.com"]
[Date "2020.11.24"]
[Round "8"]
[White "Mikasinski"]
[Black "sunofadawn"]
[Result "0-1"]
[WhiteElo "2327"]
[BlackElo "2483"]
[TimeControl "180+1"]
[EndTime "11:46:39 PST"]
[Termination "sunofadawn won by resignation"]

1. e4 c5 2. Nf3 d6 3. d4 cxd4 4. Nxd4 Nf6 5. Nc3 g6 6. Be3 Bg7 7. f3 O-O 8. Qd2 Nc6 9. O-O-O Bd7 10. g4 b5 11. Bxb5 Ne5 12. Be2 Rb8 13. g5 Ne8 14. f4 Nc6 15. Nb3 Nb4 16. Kb1 a5 17. a3 a4 18. Nd4 Qa5 19. Nd5 Nxd5 20. Qxa5 Nxe3 21. Rd2 e5 22. fxe5 Bxe5 23. Qc3 Ng2 24. Qf3 Nf4 25. c3 Ng7 26. Bc4 Rfc8 27. Ne2 Rxc4 28. Nxf4 Rxc3 29.
Nd3 Rxa3 30. Nxe5 Rxf3 31. Nxf3 Bc6 32. Re1 Rb4 33. Rd4 Rb3 34. Nd2 Rb6 35. Rxd6 Ne6 36.
Nc4 Ra6 37. Ka2 Kg7 38. Ne5 Bb5 39. Rxa6 Bxa6 40. Rd1 Nxg5 41. Rd7 Bc8 42. Ra7 Be6+ 43. Ka3 Bb3 44. Re7 Kf6 45. Re8 Be6 46. Kxa4 Kxe5 47. b4 Kxe4 48. b5 Kd5 49. Ka5 Ne4 50. b6 Nd6 51.
Rd8 Kc6 52. Rxd6+ Kxd6 53. Ka6 Bd5 0-1

[Event "*** Titled Tuesday Blitz"]
[Site "Chess.com"]
[Date "2020.11.24"]
[Round "8"]
[White "VinzentSpitzl"]
[Black "Das_Virus_2020"]
[Result "1-0"]
[WhiteElo "2380"]
[BlackElo "2488"]
[TimeControl "180+1"]
[EndTime "11:46:40 PST"]
[Termination "VinzentSpitzl won on time"]

1. e4 e6 2. d4 d5 3. Nd2 Nf6 4. e5 Nfd7 5. Bd3 c5 6. c3 Nc6 7. Ne2 cxd4 8. cxd4 f6 9. exf6 Nxf6 10. Nf3 Bd6 11.
Bf4 Bxf4 12. Nxf4 O-O 13. O-O Ne4 14. Qc1 Qf6 15. Ne2 Bd7 16. Qe3 Nd6 17. Ne5 Rad8 18. Rae1 Nb4 19. Bb1 Bb5 20. f4 Nc6 21. Rf3 Ne4 22.
Rh3 Nxe5 23. dxe5 Qf7 24. Nd4 Ba6 25. Bxe4 dxe4 26. Qxe4 g6 27. Rf3 Qd7 28. Nb3 Qb5 29.
Rc3 Rd5 30. h4 Qe8 31. h5 Qf7 32. hxg6 hxg6 33. Rg3 Kg7 34. Nd4 Re8 35. Nf3 b6 36. Ng5 Qe7 37. Rh3 Qc5+ 38. Kh2 Bd3 39. Rh7+ Kg8 40.
Qf3 Re7 41. Rxe7 Qxe7 42. Qg3 Bf5 43. Rc1 Rc5 44. Rxc5 Qxc5 45. Qh4 Qe7 46. Nf3 1-0

[Event "*** Titled Tuesday Blitz"]
[Site "Chess.com"]
[Date "2020.11.24"]
[Round "8"]
[White "suyu28"]
[Black "Zhigalko_Sergei"]
[Result "1-0"]
[WhiteElo "2642"]
[BlackElo "2878"]
[TimeControl "180+1"]
[EndTime "11:46:41 PST"]
[Termination "suyu28 won on time"]

1. e4 c5 2. Nf3 Nc6 3. Bb5 Nf6 4.
Bxc6 dxc6 5. Nc3 Bg4 6. h3 Bh5 7. d3 Qc7 8. Be3 Nd7 9. g4 Bg6 10. Nh4 e6 11. Qe2 Be7 12. Nxg6 hxg6 13. O-O-O g5 14.
h4 gxh4 15. f4 g5 16. e5 O-O-O 17. Ne4 gxf4 18. Bxf4 Kb8 19. Nd6 Bxd6 20. exd6 Qa5 21. Kb1 e5 22. Bg5 f6 23. Bxh4 Qb4 24. Qe4 Qd4 25.
Qxd4 cxd4 26. g5 fxg5 27. Bxg5 Rxh1 28. Rxh1 Rg8 29. Be7 b6 30. b4 a6 31. Kb2 Kb7 32. Rh7 c5 33. bxc5 bxc5 34. Rh1 Kc6 35. Ka3 Rb8 36.
Rc1 Kd5 37. c3 Rb7 38. cxd4 exd4 39. Rh1 Kc6 40. Rc1 Ne5 41. Rd1 Kd5 42. Ka4 Nc6 43. Bf8 Rb5 44. d7 Ra5+ 45. Kb3 Rb5+ 46. Ka3 Rb7 47. Rc1 Rxd7 48. Rxc5+ Ke6 49. Rxc6+ 1-0

[Event "*** Titled Tuesday Blitz"]
[Site "Chess.com"]
[Date "2020.11.24"]
[Round "8"]
[White "petrpalachev"]
[Black "AlexSuv"]
[Result "1-0"]
[WhiteElo "2732"]
[BlackElo "2526"]
[TimeControl "180+1"]
[EndTime "11:46:42 PST"]
[Termination "petrpalachev won by resignation"]

1. d4 Nf6 2. Nf3 e6 3. Bf4 c5 4.
e3 cxd4 5. exd4 b6 6. Nbd2 Bb7 7. Bd3 Be7 8. c3 O-O 9. h3 d6 10. O-O Nbd7 11. a4 a6 12. Re1 Qc7 13. Qe2 Rfe8 14. Bh2 Bf8 15. Nc4 Nd5 16. Nfd2 b5 17. axb5 axb5 18.
Ne3 Nxe3 19. fxe3 Bc6 20. e4 Qb7 21. Rac1 Ra2 22. Rc2 b4 23. Nb1 bxc3 24. bxc3 Rxc2 25. Qxc2 g6 26. Nd2 Bb5 27. c4 Ba6 28. Rf1 e5 29. c5 Bxd3 30. Qxd3 dxc5 31. d5 Nb6 32.
Rb1 Qc7 33. Qb5 Rb8 34. Qc6 Na8 35. Qxc7 Rxb1+ 36. Nxb1 Nxc7 37. Bxe5 Nb5 38. Kf2 f5 39. exf5 gxf5 40. h4 h5 41. Nd2 Bd6 42. Nc4 Bxe5 43.
Nxe5 Kg7 44. Ke3 Nd6 45. Kf4 c4 46. Ke3 c3 47. Kd3 Ne4 48. Nc4 Kf6 49. d6 Ke6 50.
Kc2 Kd5 51. d7 Kxc4 52. d8=Q Nc5 53. Qg8+ 1-0

[Event "*** Titled Tuesday Blitz"]
[Site "Chess.com"]
[Date "2020.11.24"]
[Round "8"]
[White "anon569"]
[Black "KetiGrant"]
[Result "1-0"]
[WhiteElo "2308"]
[BlackElo "2400"]
[TimeControl "180+1"]
[EndTime "11:46:43 PST"]
[Termination "anon569 won on time"]

1. e4 c5 2. Nf3 Nc6 3. d4 cxd4 4. Nxd4 e5 5. Nb5 d6 6. N1c3 a6 7. Na3 b5 8. Nd5 Nge7 9. c3 Nxd5 10. Qxd5 Bb7 11. Be3 Be7 12. Be2 O-O 13. Qd2 Nb8 14.
f3 d5 15. exd5 Qxd5 16. Qxd5 Bxd5 17. O-O Nc6 18. Rfd1 Be6 19. Nc2 f5 20. Bf2 Rfd8 21.
Kf1 Rxd1+ 22. Bxd1 Rd8 23. Ke1 a5 24. Be2 b4 25. c4 a4 26. Rd1 Ra8 27. Ne3 Nd4 28. Bd3 g6 29. Nd5 Bxd5 30. cxd5 Bc5 31. Bc4 Kf8 32.
Bg3 Bd6 33. Kd2 f4 34. Bf2 Bc5 35. Bg1 Ke7 36. Kd3 Kd6 37. Ke4 Ra5 38. Rc1 b3 39. axb3 axb3 40. Bxd4 Bxd4 41. Bxb3 Rb5 42. Rc6+ Ke7 43.
Re6+ Kf7 44. Bc4 Rxb2 45. d6 Re2+ 46. Kd5 Rd2 47. Re7+ 1-0

[Event "*** Titled Tuesday Blitz"]
[Site "Chess.com"]
[Date "2020.11.24"]
[Round "8"]
[White "ChronicUnhappiness"]
[Black "levallem"]
[Result "0-1"]
[WhiteElo "2349"]
[BlackElo "2242"]
[TimeControl "180+1"]
[EndTime "11:46:43 PST"]
[Termination "levallem won by resignation"]

1. d4 Nf6 2. c4 e6 3. Nc3 d5 4. cxd5 exd5 5. Bg5 c6 6. e3 Bf5 7. Qf3 Bg6 8. Bxf6 Qxf6 9. Qxf6 gxf6 10. Nce2 Nd7 11.
Nf3 Bb4+ 12. Kd1 Ke7 13. Nh4 Nf8 14. Ng3 Ne6 15. Ngf5+ Kd7 16. Bd3 Rae8 17. a3 Ba5 18. b4 Bc7 19. b5 c5 20. dxc5 Nxc5 21. Bc2 Ne4 22. Bxe4 dxe4 23. Ke2 Be5 24. Rad1+ Kc7 25. Rd5 Rd8 26. Rc1+ Kb6 27. Rcd1 Rxd5 28. Rxd5 Rc8 29. f4 exf3+ 30. gxf3 Rc2+ 31. Kd3 Rxh2 32. Nxg6 hxg6 33. Nd4 Ra2 34. Nc2 Rb2 35. f4 Rb3+ 36. Ke4 Bb2 37. Rd7 f5+ 38. Kf3 Rc3 39. Nd4 Rxa3 40.
Rxf7 Bxd4 41. Ke2 Rxe3+ 42. Kd2 Re6 43. Rd7 Bc5 44. Kd3 Kxb5 45. Rxb7+ Bb6 46. Rg7 a5 47.
Kc2 a4 48. Rg8 a3 49. Re8 Rxe8 50. Kb3 Re3+ 51. Ka2 Kb4 52. Kb1 Bc7 0-1

[Event "*** Titled Tuesday Blitz"]
[Site "Chess.com"]
[Date "2020.11.24"]
[Round "8"]
[White "Semen_Khanin"]
[Black "champ2005"]
[Result "0-1"]
[WhiteElo "2778"]
[BlackElo "3014"]
[TimeControl "180+1"]
[EndTime "11:46:44 PST"]
[Termination "champ2005 won by resignation"]

1. e4 c6 2. d4 d5 3. Nd2 dxe4 4.
Nxe4 Nf6 5. Nxf6+ exf6 6. c3 Bd6 7. Bd3 O-O 8. Qc2 Re8+ 9. Ne2 h5 10. O-O h4 11. Nf4 Nd7 12. Qd1 Nf8 13. Qh5 Qc7 14.
g3 Qd7 15. gxh4 g6 16. Qf3 Qg4+ 17. Qg3 a5 18. f3 Qxg3+ 19. hxg3 Ne6 20. Nxe6 Bxe6 21.
Bd2 Bxg3 22. Be1 Bd6 23. Kg2 a4 24. Bg3 Bf8 25. h5 g5 26. f4 g4 27. Bh4 f5 28.
Kg3 a3 29. b3 Bd6 30. Rae1 Kg7 31. c4 Rh8 32. d5 cxd5 33. cxd5 Bd7 34. Rh1 Rac8 35.
Be7 Rh6 36. Bg5 Rc3 37. Bxh6+ Kxh6 38. Rd1 Bb5 39. Rhe1 Rxd3+ 40. Rxd3 Bxd3 41. Re8 Bb1 42. Rd8 Be7 43. Rd7 Bc5 44. d6 Bxa2 45. Rxb7 Bb1 46. Rb5 a2 47. d7 a1=Q 48. d8=Q Qc3+ 49. Kg2 Be4+ 50. Kf1 Qd3+ 0-1

[Event "*** Titled Tuesday Blitz"]
[Site "Chess.com"]
[Date "2020.11.24"]
[Round "8"]
[White "sopo-tereladze"]
[Black "RaneshRatnesan"]
[Result "1-0"]
[WhiteElo "2299"]
[BlackElo "2129"]
[TimeControl "180+1"]
[EndTime "11:46:44 PST"]
[Termination "sopo-tereladze won by checkmate"]

1. e4 c5 2. Nf3 d6 3. d4 cxd4 4.
Qxd4 Nc6 5. Bb5 Bd7 6. Bxc6 Bxc6 7. Nc3 h6 8. Be3 e5 9. Qd3 Nf6 10. O-O-O Be7 11. Kb1 Qa5 12. h3 b5 13. g4 b4 14.
Nd5 Nxd5 15. exd5 Bb5 16. Qd2 Rb8 17. g5 h5 18. Nh4 g6 19. f4 O-O 20. f5 Kh7 21. Qg2 Rbc8 22. fxg6+ fxg6 23. Qe4 Rg8 24. b3 Rc3 25. Bd2 Qa3 26. Bc1 Qa6 27. Bb2 Qa5 28.
Rd2 Bxg5 29. Rf2 Bf4 30. Rg1 Be8 31. Nf3 Rc7 32. Ng5+ Bxg5 33. Rxg5 Qb6 34. Rxh5+ Kg7 35. Rg2 Rf8 36. Rhg5 Rf6 37. Bc1 a5 38. R5g4 Rc3 39. h4 Rh3 40. Kb2 Qb5 41. Bg5 Rf1 42. Bd2 Rf6 43.
Bg5 Rf1 44. Bd2 Rhh1 45. Rxg6+ Bxg6 46. Qxg6+ Kf8 47. Qg7+ Ke8 48. Qg8+ Rf8 49. Qe6+ Kd8 50. Bg5+ Kc7 51. Qe7+ Kb6 52. Qxf8 Qc5 53. Qd8+ Ka6 54. Qa8+ Kb6 55. Bd8+ Kb5 56. Qb7+ Qb6 57. Qxb6# 1-0

[Event "*** Titled Tuesday Blitz"]
[Site "Chess.com"]
[Date "2020.11.24"]
[Round "8"]
[White "annamaja"]
[Black "ZenBull"]
[Result "0-1"]
[WhiteElo "2282"]
[BlackElo "2147"]
[TimeControl "180+1"]
[EndTime "11:46:44 PST"]
[Termination "ZenBull won by resignation"]

1. e4 c5 2. Nf3 e6 3. d4 cxd4 4. Nxd4 Nc6 5. Nb5 d6 6. c4 Nf6 7.
N1c3 a6 8. Nd4 Be7 9. Be2 O-O 10. Be3 Bd7 11. O-O Rc8 12. Rc1 Nxd4 13. Bxd4 Bc6 14. f3 Qc7 15. Be3 Qb8 16. g4 Nd7 17. g5 b5 18. cxb5 axb5 19. a3 Ne5 20. f4 Nc4 21. Bxc4 bxc4 22. f5 Bd8 23. f6 Qb7 24. fxg7 Kxg7 25.
Qxd6 Bc7 26. Bd4+ Kg8 27. Qe7 Bxh2+ 28. Kxh2 Qxe7 29. Bf6 Qd6+ 30. Kh3 Qd3+ 31. Kg4 Bxe4 32. Rcd1 Bf5+ 33. Kf4 Qh3 34. Ke5 Rc5+ 35. Kd6 Rfc8 36. Be5 R8c6+ 37. Kd7 Rxe5 38. Kxc6 Qg2+ 39. Kd6 Ra5 40. Ke7 Qb7+ 41. Rd7 Qc6 42. Rfd1 Kg7 43. R1d6 Qc5 44. Ke8 Ra8+ 45. Ke7 Ra7 46. b4 Rxd7+ 47. Kxd7 Qa7+ 48. Kc6 Qxa3 49. b5 Qxc3 50. b6 Be4+ 51.
Kc5 Qa3+ 52. Kb5 Qxd6 53. Kxc4 Qc6+ 0-1

[Event "*** Titled Tuesday Blitz"]
[Site "Chess.com"]
[Date "2020.11.24"]
[Round "8"]
[White "Gevo1990"]
[Black "LPSupi"]
[Result "1-0"]
[WhiteElo "2626"]
[BlackElo "2899"]
[TimeControl "180+1"]
[EndTime "11:46:45 PST"]
[Termination "Gevo1990 won on time"]

1. e4 c5 2. Nc3 d6 3. f4 g6 4.
Nf3 Nc6 5. Bc4 Bg7 6. O-O Nf6 7. d3 O-O 8. Qe1 Nd4 9. Nxd4 cxd4 10. Ne2 d5 11. exd5 Nxd5 12. Qf2 Nb4 13. Bb3 e6 14. Bd2 Nc6 15. Ng3 b6 16. Ne4 Bb7 17. g4 Ne7 18. Bb4 a5 19. Bxe7 Qxe7 20. a4 Kh8 21. Rae1 Rad8 22.
f5 exf5 23. gxf5 Bh6 24. f6 Qe5 25. Qh4 Qh5 26. Qxh5 gxh5 27. Rf5 Be3+ 28. Kf1 Bc8 29. Rxh5 Rg8 30. h3 Rg1+ 31. Ke2 Rg2+ 32. Kf3 Rdg8 33. Rxe3 dxe3 34. Kxe3 Bb7 35. Bxf7 Rf8 36. Bd5 Bxd5 37. Rxd5 Rxc2 38. Rb5 Rc6 39. h4 Re6 40. Kf4 Rd8 41.
Kf5 Rc6 42. Re5 Kg8 43. Ng5 Rf8 44. Ne4 Rf7 45. Re8+ Rf8 46. Re7 Rf7 47. d4 Rxe7 48. fxe7 Kf7 49. d5 Rh6 50. d6 Rh5+ 51. Ng5+ Ke8 52.
Ke6 Rh6+ 53. Kd5 Rf6 54. Ne4 Rf5+ 55. Ke6 1-0

[Event "*** Titled Tuesday Blitz"]
[Site "Chess.com"]
[Date "2020.11.24"]
[Round "8"]
[White "tdf98pantani"]
[Black "Lion-Al-Messi"]
[Result "0-1"]
[WhiteElo "2707"]
[BlackElo "2572"]
[TimeControl "180+1"]
[EndTime "11:46:46 PST"]
[Termination "Lion-Al-Messi won by resignation"]

1. e4 b6 2. d4 Bb7 3. Bd3 e6 4. Nd2 c5 5. c3 Nf6 6. Ne2 cxd4 7. cxd4 Be7 8. O-O Ba6 9. Bxa6 Nxa6 10. e5 Nd5 11. Ne4 O-O 12. Nf4 f5 13. Nxd5 exd5 14. Nc3 f4 15. Qf3 d6 16. e6 Nc7 17. Nxd5 Nxd5 18. Qxd5 f3 19. g3 Qe8 20. Re1 Qg6 21. h3 Rac8 22. Be3 Rc2 23. Rac1 Rxb2 24. Rc7 Qf6 25.
Qb7 Re8 26. Qc6 Rf8 27. Qd7 Bd8 28. e7 Bxe7 29. Qxe7 Qg6 30. Rxa7 Rb1 31. Bd2 Rxe1+ 32. Bxe1 Re8 33. Kh2 Rxe7 34. Rxe7 h6 35. Re3 Qf5 36.
Bc3 g5 37. d5 g4 38. hxg4 Qxg4 39. Re7 Kf8 40. Re3 Qh5+ 41. Kg1 Kf7 42. Bd4 Qxd5 43. Bxb6 Qc6 44. Bd4 h5 45. Kh2 Qd5 46. Bc3 Qd1 47.
a4 d5 48. Be5 d4 49. Ra3 d3 50. Ra1 Qe2 51. Bd4 d2 0-1

[Event "*** Titled Tuesday Blitz"]
[Site "Chess.com"]
[Date "2020.11.24"]
[Round "8"]
[White "Angel_Hranitel_37"]
[Black "Leonid_Starozhilov"]
[Result "0-1"]
[WhiteElo "2483"]
[BlackElo "2656"]
[TimeControl "180+1"]
[EndTime "11:46:46 PST"]
[Termination "Leonid_Starozhilov won by resignation"]

1. d4 Nf6 2. Nf3 g6 3. g3 Bg7 4. Bg2 O-O 5. O-O d6 6. Nc3 Bg4 7. e4 Nc6 8. Re1 e5 9. dxe5 Nxe5 10. Bg5 h6 11. Be3 Re8 12. Bd4 c6 13. Bxe5 dxe5 14. h3 Bxf3 15. Qxf3 Qb6 16. Na4 Qb4 17. Qb3 Qxb3 18. axb3 Bf8 19. f3 Rad8 20. Red1 b5 21. Nc3 Bc5+ 22. Kf1 Nh5 23. Ne2 Kf8 24. g4 Nf6 25. c3 Rxd1+ 26. Rxd1 a5 27. Nc1 Ke7 28. Ke2 Nd7 29. Nd3 Bb6 30. b4 a4 31. h4 Bc7 32. g5 hxg5 33. hxg5 Rh8 34. Rh1 Rxh1 35. Bxh1 Nf8 36. Bg2 Ne6 37. Bh3 Nxg5 38. Bc8 Bd6 39. Ke3 Ne6 40. Ba6 Kd7 41. c4 Nd4 42. cxb5 cxb5 43. f4 f6 44. fxe5 fxe5 45. Bb7 Kc7 46. Bd5 Nc2+ 47. Kf3 Nxb4 48. Bf7 Nxd3 49. Bxg6 Nxb2 50.
Bf7 b4 51. Ke3 Bc5+ 52. Kd2 Bd4 53. Kc2 Kb6 54. Be6 Kc5 55. Bf7 Nc4 56. Kd3 Nd6 57. Kc2 Nxf7 0-1

[Event "*** Titled Tuesday Blitz"]
[Site "Chess.com"]
[Date "2020.11.24"]
[Round "8"]
[White "Satscho"]
[Black "Chessdreamer2020"]
[Result "0-1"]
[WhiteElo "2343"]
[BlackElo "2527"]
[TimeControl "180+1"]
[EndTime "11:46:46 PST"]
[Termination "Chessdreamer2020 won by resignation"]

1. e4 d6 2. d4 Nf6 3. Nc3 e5 4.
Nf3 Nbd7 5. Bc4 Be7 6. a4 Nb6 7. Ba2 exd4 8. Nxd4 a5 9. O-O O-O 10. h3 d5 11. exd5 Nfxd5 12. Nxd5 Nxd5 13. Nb5 c6 14. Bxd5 cxd5 15. Bf4 Be6 16. Qd2 Rc8 17. Be5 b6 18. c3 Qd7 19. Rad1 Rfd8 20. Qd4 Bc5 21. Qh4 Be7 22.
Qg3 Bf8 23. Bc7 Re8 24. Bxb6 Qc6 25. Bd4 Bf5 26. Rd2 Bg6 27. Na7 Qb7 28. Nxc8 Qxc8 29. Be3 Qc6 30. Rfd1 Be4 31. h4 Qxa4 32. h5 Qc6 33. Bd4 Qh6 34. Qg4 f5 35. Qh4 g5 36.
Qg3 Qxh5 37. Re1 f4 38. Qh3 Qxh3 39. gxh3 Rb8 40. Be5 Rb3 41. Bf6 h6 42. h4 g4 43.
Be5 f3 44. Kh2 Kf7 45. Kg3 h5 46. Kf4 Bh6+ 47. Kg3 Bxd2 48. Rd1 Bh6 49. Bf4 Bxf4+ 50. Kxf4 Rxb2 51. Kg5 Rxf2 52. Kxh5 g3 53. Ra1 g2 54.
Rxa5 g1=Q 0-1

[Event "*** Titled Tuesday Blitz"]
[Site "Chess.com"]
[Date "2020.11.24"]
[Round "8"]
[White "DrVelja"]
[Black "kuban1991"]
[Result "0-1"]
[WhiteElo "2773"]
[BlackElo "2897"]
[TimeControl "180+1"]
[EndTime "11:46:47 PST"]
[Termination "kuban1991 won on time"]

1. e4 e6 2. d4 d5 3. Nc3 Bb4 4. e5 c5 5. a3 Bxc3+ 6. bxc3 Nc6 7. Qg4 g6 8. Nf3 Bd7 9. a4 Qa5 10. Bd2 c4 11. h4 h6 12. Be2 O-O-O 13. O-O Nge7 14.
Qf4 Rdf8 15. Rfb1 Nf5 16. Rb5 Qd8 17. Bc1 Rfg8 18. Qg4 a6 19. Rbb1 Qa5 20. Bd1 g5 21. h5 Rf8 22. Ba3 Qxc3 23. Bc5 Nh4 24. Nxh4 gxh4 25.
Qf4 h3 26. g3 Qe1+ 27. Kh2 Qf1 28. Qf3 f6 29. Be2 Qg2+ 30. Qxg2 hxg2 31. Bxf8 Rxf8 32.
exf6 Nxd4 33. Bd1 Rxf6 34. Kxg2 Bc6 35. c3 Nf5 36. Bf3 e5 37. Re1 e4 38. Bg4 Kc7 39. Kg1 Nd6 40. a5 Nf7 41. Re3 Ne5 42. Be2 Kd6 43. Rd1 Nd3 44. f3 Kc5 45. f4 d4 46.
Bxd3 cxd3 47. cxd4+ Kxd4 48. Kf2 Bd5 49. Rc1 Rc6 50.
Rxc6 bxc6 51. Re1 d2 52. Rd1 e3+ 53. Ke2 Bc4+ 54. Kf3 Bb3 0-1

[Event "*** Titled Tuesday Blitz"]
[Site "Chess.com"]
[Date "2020.11.24"]
[Round "8"]
[White "SergeyShtyka"]
[Black "vinniethepooh"]
[Result "1/2-1/2"]
[WhiteElo "2408"]
[BlackElo "2614"]
[TimeControl "180+1"]
[EndTime "11:46:48 PST"]
[Termination "Game drawn by repetition"]

1. e4 c5 2. Nf3 d6 3. d4 cxd4 4. Nxd4 Nf6 5. Nc3 a6 6. Bc4 e6 7. O-O Nbd7 8. Be3 Nc5 9. Bd3 b5 10. a3 Bb7 11. f3 Be7 12. b4 Nxd3 13. cxd3 O-O 14. Rc1 Rc8 15. Qd2 Qd7 16. Rc2 Rc7 17.
Rfc1 Rfc8 18. Nce2 h6 19. Rxc7 Rxc7 20. Rxc7 Qxc7 21.
Qc3 Qd7 22. Bf2 Ne8 23. Nb3 Bf6 24. Bd4 Bxd4+ 25. Nexd4 Nf6 26. Na5 Kh7 27. Nxb7 Qxb7 28. Qc6 Qxc6 29. Nxc6 Nd7 30. Kf2 Kg8 31. Ke3 Kf8 32.
f4 Ke8 33. g4 g5 34. f5 e5 35.
d4 f6 36. d5 Nb6 37. Nb8 Kd8 38. Kd3 Nc4 39. Nc6+ Kd7 40. Na5 Nxa3 41. Kc3 Kc7 42. Kb3 Nb1 43. Kc2 Na3+ 44. Kb3 Nc4 45. Nxc4 bxc4+ 46. Kxc4 Kb6 47. Kb3 Kb5 48. Kc3 a5 49. bxa5 Kxa5 50.
Kc4 Ka4 51. Kc3 Ka5 52. Kc4 Ka4 53. Kc3 Ka5 1/2-1/2